[Event "ICC tourney 2056 (3 2)"]
[Site "Internet Chess Club"]
[Date "2020.10.12"]
[Round "7"]
[White "clydedrexler22"]
[Black "liuchess"]
[Result "1-0"]
[ICCResult "Black forfeits on time"]
[WhiteElo "1535"]
[BlackElo "1557"]
[Opening "Queen's pawn"]
[ECO "A40"]
[NIC "QO.17"]
[Time "20:42:02"]
[TimeControl "180+2"]

1. d4 e6 2. Bf4 d5 3. e3 c5 4. c3 Nc6 5. Nf3 Nf6 6. Nbd2 Bd6 7. Bg3 a6 8.
Bd3 O-O 9. Ne5 Qc7 10. f4 b5 11. O-O Bb7 12. Qf3 cxd4 13. exd4 b4 14. Bh4
Be7 15. g4 bxc3 16. bxc3 Na5 17. Rac1 Rfe8 18. g5 Nd7 19. Bxh7+ Kxh7 20.
Qh5+ Kg8 21. Qxf7+ Kh7 22. Qh5+ Kg8 23. g6 Bxh4 24. Qh7+ Kf8 25. Qh8+ Ke7
26. Qxg7+ Kd8 27. Qh7 Nxe5 28. Qxh4+ Qe7 29. Qxe7+ Rxe7 30. fxe5 Rg7 31. Rf6
Ke7 32. Nb3 Nxb3 33. axb3 Rag8 34. h4 Rxg6+ 35. Rxg6 Rxg6+ 36. Kh2 Rh6 37.
Kh3 Bc6 38. c4 dxc4 39. bxc4 a5 40. Kg4 a4 41. Kg5 Rh8 42. Ra1 Rg8+ 43. Kf4
Rh8 44. Kg5 Rg8+ 45. Kf4 Rg2 46. d5 exd5 47. cxd5 Bxd5 48. Rxa4 Rf2+ 49. Kg3
Rg2+ 50. Kf4 Ke6 51. Ra6+ Ke7 52. h5 Rh2 53. Kg5 Re2 54. Kf4 Re4+ 55. Kf5
Re1 56. Ra7+ Ke8 57. h6 Rh1 58. Kg5 Kf8 59. Kf6 Rxh6+ 60. Kg5 Rh1 61. Kf5
Rf1+ 62. Kg5 Bf7 63. Rc7 Ke8 64. Ra7 Be6 65. Rc7 Bd7 66. Ra7 Ke7 67. Ra6 Bb5
68. Rb6 Bd7 69. Ra6 Rf5+ 70. Kg6 Rxe5 71. Ra7 Kd6 72. Kf6 Re6+ 73. Kg5 Bc6
74. Kf4 Re4+ 75. Kf5 Re1 76. Kf4 Kd5 77. Ra5+ Kd4 78. Ra6 Rf1+ 79. Kg5 Bd5
80. Ra4+ Ke5 81. Ra5 Rg1+ 82. Kh4 Ke4 83. Ra4+ Kf3 84. Ra3+ Kf4 85. Ra4+ Be4
86. Ra3 Rg8 87. Ra5 Bf5 88. Ra4+ Be4 89. Ra5 Rg4+ 90. Kh5 Rg1 91. Kh6 Bf5
92. Ra4+ Ke5 93. Ra5+ Kf6 94. Ra6+ Be6 95. Ra5 Rg8 96. Ra7 Rh8+ 97. Rh7 Rg8
98. Ra7 Rg5 99. Ra8 {Black forfeits on time} 1-0

[Event "ICC tourney 2056 (3 2)"]
[Site "Internet Chess Club"]
[Date "2020.10.12"]
[Round "8"]
[White "Kinawa"]
[Black "HemingLiu"]
[Result "1-0"]
[ICCResult "Black checkmated"]
[WhiteElo "1471"]
[BlackElo "1122"]
[Opening "Scotch gambit"]
[ECO "C44"]
[NIC "SO.06"]
[Time "20:56:55"]
[TimeControl "180+2"]

1. e4 e5 2. Nf3 Nc6 3. d4 exd4 4. Bc4 Bc5 5. Ng5 Ne5 6. Bxf7+ Nxf7 7. Nxf7
Kxf7 8. Qh5+ g6 9. Qxc5 Nf6 10. Qxd4 d6 11. O-O Rf8 12. Bh6 Re8 13. Nc3 Bg4
14. h3 Be6 15. Nd5 Nxd5 16. Qg7# {Black checkmated} 1-0

[Event "ICC tourney 2056 (3 2)"]
[Site "Internet Chess Club"]
[Date "2020.10.12"]
[Round "8"]
[White "BreatheChessAls"]
[Black "saisiva765"]
[Result "0-1"]
[ICCResult "White checkmated"]
[WhiteElo "1612"]
[BlackElo "1719"]
[Opening "Queen's pawn, Mason variation"]
[ECO "D00"]
[NIC "QP.08"]
[Time "20:57:33"]
[TimeControl "180+2"]

1. d4 d5 2. Bf4 Bf5 3. e3 e6 4. Bd3 Bg6 5. c3 Nf6 6. Nf3 Nbd7 7. Bxg6 hxg6
8. Nbd2 c5 9. Qb3 Qb6 10. O-O Be7 11. Ne5 c4 12. Qc2 Nxe5 13. Bxe5 Bd6 14.
Nf3 Qc7 15. b3 Bxe5 16. Nxe5 Nd7 17. Nxg6 Qxh2# {White checkmated} 0-1

[Event "ICC tourney 2056 (3 2)"]
[Site "Internet Chess Club"]
[Date "2020.10.12"]
[Round "8"]
[White "Vidipkona"]
[Black "Rook99"]
[Result "1-0"]
[ICCResult "Black resigns"]
[WhiteElo "1565"]
[BlackElo "1318"]
[Opening "Sicilian: dragon, classical, Richter variation"]
[ECO "B73"]
[NIC "SI.43"]
[Time "20:56:53"]
[TimeControl "180+2"]

1. e4 c5 2. Nf3 g6 3. d4 cxd4 4. Nxd4 Bg7 5. Nc3 Nc6 6. Be3 d6 7. Be2 Nf6 8.
O-O O-O 9. Qd2 Bd7 10. Rad1 Rc8 11. Nb3 a6 12. a3 Ne5 13. f4 Nc4 14. Bxc4
Rxc4 15. Qd3 b5 16. e5 Ng4 17. exd6 Nxe3 18. Qxe3 exd6 19. Rxd6 Re8 20. Qd2
Rc7 21. Rd1 Re7 22. Nd5 {Black resigns} 1-0

[Event "ICC tourney 2056 (3 2)"]
[Site "Internet Chess Club"]
[Date "2020.10.12"]
[Round "8"]
[White "pescadilla"]
[Black "saikanth"]
[Result "0-1"]
[ICCResult "White checkmated"]
[WhiteElo "1675"]
[BlackElo "1499"]
[Opening "QGD Slav defense: exchange variation"]
[ECO "D10"]
[NIC "SL.01"]
[Time "20:56:57"]
[TimeControl "180+2"]

1. d4 d5 2. c4 c6 3. cxd5 cxd5 4. Nc3 Nc6 5. Bf4 a6 6. e3 Nf6 7. Bd3 Bg4 8.
f3 Bh5 9. h4 Bg6 10. Nge2 e6 11. Kf2 Bd6 12. Rc1 Rc8 13. Na4 O-O 14. Nc5 Rb8
15. Nxa6 bxa6 16. Rxc6 Bxf4 17. Nxf4 Bxd3 18. Nxd3 Qa5 19. a3 Rfc8 20. Qc2
Rxc6 21. Qxc6 Qd2+ 22. Kg3 Qxd3 23. Rc1 h6 24. Qc7 Rxb2 25. Qd8+ Kh7 26. Rc8
Qxe3 27. Qh8+ Kg6 28. Rg8 Nh5+ 29. Kh3 Qf2 30. Rxg7+ Nxg7 31. h5+ Nxh5 32.
Qg8+ Ng7 33. g3 h5 34. Qb8 Qh2# {White checkmated} 0-1

[Event "ICC tourney 2056 (3 2)"]
[Site "Internet Chess Club"]
[Date "2020.10.12"]
[Round "8"]
[White "blackjack721"]
[Black "steinutz"]
[Result "0-1"]
[ICCResult "White checkmated"]
[WhiteElo "1310"]
[BlackElo "1475"]
[Opening "Scandinavian (center counter) defense"]
[ECO "B01"]
[NIC "VO.17"]
[Time "20:57:05"]
[TimeControl "180+2"]

1. e4 d5 2. e5 d4 3. Bc4 c5 4. c3 Nc6 5. Nf3 e6 6. d3 Nge7 7. Bg5 h6 8. Bh4
g5 9. Nxg5 hxg5 10. Bxg5 Rg8 11. Bf6 Rxg2 12. Qh5 Qb6 13. b3 Qa5 14. Kf1 Rg8
15. a3 dxc3 16. Ra2 b5 17. Bxe6 Bxe6 18. Qf3 Bd5 19. Qf4 Bg2+ 20. Ke2 Nd4+
21. Ke3 Nd5# {White checkmated} 0-1

[Event "ICC tourney 2056 (3 2)"]
[Site "Internet Chess Club"]
[Date "2020.10.12"]
[Round "8"]
[White "javasri"]
[Black "garfield92037"]
[Result "1-0"]
[ICCResult "Black resigns"]
[WhiteElo "1662"]
[BlackElo "1399"]
[Opening "Sicilian: accelerated fianchetto, Maróczy bind, 6.Be3"]
[ECO "B38"]
[NIC "SI.48"]
[Time "20:57:01"]
[TimeControl "180+2"]

1. e4 c5 2. c4 Nc6 3. Nf3 g6 4. d4 cxd4 5. Nxd4 Bg7 6. Be3 d6 7. Nc3 Bd7 8.
Be2 Nf6 9. O-O O-O 10. f3 Rc8 11. Qd2 Re8 12. Rfd1 Ne5 13. b3 Bc6 14. Rac1
Ned7 15. h3 Nb6 16. Nd5 Bxd5 17. exd5 Nfd7 18. Bh6 Bh8 19. Qe3 Ne5 20. f4 e6
21. fxe5 exd5 22. cxd5 Bxe5 23. Rxc8 Qxc8 24. Qf2 Nxd5 25. Nf3 Nc3 26. Nxe5
Rxe5 27. Bc4 Qe8 28. Qf6 Re1+ 29. Bf1 Qe5 30. Rxe1 Ne4 31. Rxe4 {Black
resigns} 1-0

[Event "ICC tourney 2056 (3 2)"]
[Site "Internet Chess Club"]
[Date "2020.10.12"]
[Round "8"]
[White "pawnsacrifice5"]
[Black "ekanshmehrotra"]
[Result "1-0"]
[ICCResult "Black resigns"]
[WhiteElo "1963"]
[BlackElo "1499"]
[Opening "QGD: Cambridge Springs defense, Bogolyubov variation"]
[ECO "D52"]
[NIC "QO.15"]
[Time "20:56:51"]
[TimeControl "180+2"]

1. Nf3 Nf6 2. c4 c6 3. d4 d5 4. Nc3 e6 5. Bg5 Nbd7 6. e3 Qa5 7. Nd2 Bb4 8.
Qc2 O-O 9. Bxf6 Nxf6 10. Be2 e5 11. dxe5 Ne4 12. Ndxe4 dxe4 13. a3 Re8 14.
Rd1 Bxc3+ 15. Qxc3 Qxc3+ 16. bxc3 Bf5 17. g4 Bg6 18. h4 h6 19. h5 Bh7 20.
Rd7 Rab8 21. Kd2 Rxe5 22. Rb1 f5 23. Rbxb7 Rxb7 24. Rxb7 Ra5 25. Rb3 Kf7 26.
f4 Kf6 27. Kc2 Bg8 28. Rb8 Be6 29. gxf5 Kxf5 30. Rf8+ {Black resigns} 1-0

[Event "ICC tourney 2056 (3 2)"]
[Site "Internet Chess Club"]
[Date "2020.10.12"]
[Round "8"]
[White "Atomic-Player"]
[Black "Tombstone"]
[Result "1-0"]
[ICCResult "Black checkmated"]
[WhiteElo "1616"]
[BlackElo "1644"]
[Opening "Sicilian: Najdorf, Byrne (English) attack"]
[ECO "B90"]
[NIC "SI.14"]
[Time "20:56:47"]
[TimeControl "180+2"]

1. e4 c5 2. Nf3 d6 3. d4 cxd4 4. Nxd4 Nf6 5. Nc3 a6 6. Be3 e5 7. Nb3 Be6 8.
Qd2 Nbd7 9. Be2 Be7 10. f3 h5 11. Nd5 Nxd5 12. exd5 Bf5 13. Bd3 Bxd3 14.
Qxd3 Bg5 15. O-O-O O-O 16. Kb1 Bxe3 17. Qxe3 Rc8 18. g4 hxg4 19. fxg4 Nc5
20. Nxc5 Rxc5 21. h4 Qc8 22. Qe4 Rc4 23. Qd3 Rd4 24. Qb3 Rxg4 25. h5 Kh8 26.
Qb6 Rg2 27. Rc1 Qb8 28. Rh3 f5 29. h6 g6 30. Rc3 f4 31. Rc7 f3 32. Rxb7 Qd8
33. Qa7 Rf7 34. Rxf7 Qg8 35. Rxf3 Rg5 36. Qe7 Rf5 37. Rxf5 gxf5 38. b3 f4
39. Qg7+ Qxg7 40. hxg7+ Kxg7 41. c4 Kg6 42. Kc2 Kf5 43. Kd3 e4+ 44. Ke2 Ke5
45. Rd1 a5 46. a3 Kf5 47. b4 axb4 48. axb4 Kf6 49. c5 dxc5 50. bxc5 Ke5 51.
d6 e3 52. Kf3 Kf5 53. d7 e2 54. Kxe2 Ke4 55. d8=Q f3+ 56. Kf1 Ke3 57. Qd4#
{Black checkmated}
1-0

[Event "ICC tourney 2056 (3 2)"]
[Site "Internet Chess Club"]
[Date "2020.10.12"]
[Round "8"]
[White "ChessMonkey123"]
[Black "Jett503"]
[Result "1-0"]
[ICCResult "Black resigns"]
[WhiteElo "1335"]
[BlackElo "1232"]
[Opening "French: exchange variation"]
[ECO "C01"]
[NIC "FR.01"]
[Time "20:56:50"]
[TimeControl "180+2"]

1. e4 e6 2. d4 d5 3. exd5 exd5 4. c4 dxc4 5. Bxc4 c5 6. Nf3 Nf6 7. Nc3 cxd4
8. Qxd4 Bd7 9. O-O Nc6 10. Re1+ Be7 11. Qd1 O-O 12. Qc2 Qc7 13. Bd3 a6 14.
Ng5 g6 15. Be4 Bd6 16. h3 Rae8 17. Bd2 Nd4 18. Qd3 Bc5 19. Be3 Nxe4 20.
Ncxe4 Bf5 21. Bxd4 Rd8 22. Nf6+ Kg7 23. Nd5+ Bxd4 24. Qxd4+ {Black resigns}
1-0

[Event "ICC tourney 2056 (3 2)"]
[Site "Internet Chess Club"]
[Date "2020.10.12"]
[Round "8"]
[White "chessrex"]
[Black "elevinchess"]
[Result "1-0"]
[ICCResult "Black resigns"]
[WhiteElo "1887"]
[BlackElo "1622"]
[Opening "Blackmar gambit"]
[ECO "D00"]
[NIC "QP.08"]
[Time "20:57:11"]
[TimeControl "180+2"]

1. d4 d5 2. e4 dxe4 3. Nc3 c5 4. d5 e6 5. Bb5+ Bd7 6. dxe6 fxe6 7. Bxd7+
Qxd7 8. Qe2 Nc6 9. Nxe4 Nd4 10. Qd1 O-O-O 11. c3 Nc6 12. Qxd7+ Rxd7 13. Nf3
Nf6 14. Ng3 Bd6 15. Be3 Nd5 16. Bd2 Nf4 17. Bxf4 Bxf4 18. O-O Rhd8 19. Ne4
b6 20. g3 Bc7 21. Nfg5 h6 22. Nxe6 Re8 23. Nxc7 Rxe4 24. Nb5 Re2 25. Rab1
Rdd2 26. Kg2 Rxb2 27. Rxb2 Rxb2 28. a4 a6 29. Nd6+ Kd7 30. Nc4 Rb3 31. Rd1+
Kc7 32. Rc1 b5 33. axb5 axb5 34. Ne3 g6 35. h4 Ne5 36. Rd1 Rxc3 37. Nd5+ Kc6
38. Nxc3 b4 39. Ne4 c4 40. f4 Nd3 41. Kf3 b3 42. Rxd3 cxd3 43. Nd2 Kd5 44.
Ke3 h5 45. Nxb3 d2 46. Nxd2 Kc5 47. Ke4 Kd6 48. Nf3 Ke6 49. Nd4+ Kf6 50. Kd5
{Black resigns}
1-0

[Event "ICC tourney 2056 (3 2)"]
[Site "Internet Chess Club"]
[Date "2020.10.12"]
[Round "8"]
[White "oxdidi"]
[Black "MagnumPI"]
[Result "0-1"]
[ICCResult "White checkmated"]
[WhiteElo "1126"]
[BlackElo "1229"]
[Opening "Sicilian defense"]
[ECO "B40"]
[NIC "SI.43"]
[Time "20:56:54"]
[TimeControl "180+2"]

1. e4 c5 2. Nf3 e6 3. Bc4 d5 4. exd5 exd5 5. Bb5+ Nc6 6. Ne5 Qc7 7. Nxc6
bxc6 8. Be2 Nf6 9. O-O Bd6 10. Re1 O-O 11. h3 c4 12. d3 Be6 13. Bg5 Be5 14.
d4 Bh2+ 15. Kh1 Kh8 16. Bxf6 gxf6 17. g3 Bxg3 18. fxg3 Qxg3 19. Bg4 Bxg4 20.
Qxg4 Qxe1+ 21. Qg1 Qh4 22. Qf1 Rg8 23. Nc3 Rg3 24. Kh2 Rag8 25. Ne2 Rg2+ 26.
Qxg2 Rxg2+ 27. Kxg2 Qg5+ 28. Kf3 Qf5+ 29. Nf4 Qxc2 30. Nh5 Qd3+ 31. Kf2 Qf5+
32. Ke2 Qxh5+ 33. Kd2 Qxh3 34. Re1 h5 35. Re8+ Kg7 36. Re7 h4 37. Rxa7 Qg2+
38. Kc3 h3 39. Ra8 h2 40. Rh8 h1=Q 41. Rxh1 Qxh1 42. Kb4 Qe4 43. Kc5 f5 44.
Kd6 f4 45. b3 cxb3 46. axb3 f3 47. Kxc6 f2 48. b4 f1=Q 49. b5 Qf6+ 50. Kc5
Qexd4# {White checkmated} 0-1

[Event "ICC tourney 2056 (3 2)"]
[Site "Internet Chess Club"]
[Date "2020.10.12"]
[Round "8"]
[White "BillietheKid"]
[Black "drabmolc"]
[Result "1-0"]
[ICCResult "Black checkmated"]
[WhiteElo "1391"]
[BlackElo "1401"]
[Opening "Sicilian: Pin variation (Sicilian counter-attack)"]
[ECO "B41"]
[NIC "SI.41"]
[Time "20:57:09"]
[TimeControl "180+2"]

1. e4 c5 2. Nf3 e6 3. d4 cxd4 4. Nxd4 Nf6 5. Nc3 Bb4 6. Bd3 Bxc3+ 7. bxc3
O-O 8. Bg5 d6 9. O-O h6 10. Bh4 g5 11. Bg3 a6 12. h4 Nh7 13. e5 dxe5 14.
Bxe5 f6 15. Bg3 e5 16. Bxh7+ Kxh7 17. Qd3+ Kh8 18. hxg5 hxg5 19. Nf3 Nc6 20.
Qg6 Qe7 21. Rad1 Qg7 22. Qe4 f5 23. Qc4 e4 24. Nd4 Ne5 25. Bxe5 Qxe5 26. Qb4
Re8 27. Qb6 f4 28. Qh6+ Kg8 29. Qg6+ Kf8 30. Qh6+ Qg7 31. Qd6+ Qe7 32. Qh6+
Qg7 33. Qd6+ Qe7 34. Qg6 Bg4 35. Nf5 Bxf5 36. Qxf5+ Kg8 37. Rd5 e3 38. Rd7
exf2+ 39. Kh2 Qe4 40. Qxg5+ Kf8 41. Qg7# {Black checkmated} 1-0

[Event "ICC tourney 2056 (3 2)"]
[Site "Internet Chess Club"]
[Date "2020.10.12"]
[Round "8"]
[White "KingPidgenYT"]
[Black "Laxman90"]
[Result "0-1"]
[ICCResult "White forfeits on time"]
[WhiteElo "1392"]
[BlackElo "1484"]
[Opening "Bird's opening: Lasker variation"]
[ECO "A03"]
[NIC "VO.07"]
[Time "20:57:42"]
[TimeControl "180+2"]

1. f4 d5 2. Nf3 Nf6 3. e3 c5 4. Bb5+ Bd7 5. Bxd7+ Nbxd7 6. b3 g6 7. Bb2 Bg7
8. d3 O-O 9. Nbd2 Qc7 10. O-O Nh5 11. Bxg7 Nxg7 12. Re1 e5 13. fxe5 Nxe5 14.
Qe2 Rfe8 15. h3 Re7 16. Qf2 Rae8 17. e4 Nxf3+ 18. Qxf3 Qb6 19. Kh1 Qb4 20.
Rad1 Qc3 21. Rf1 Qxc2 22. exd5 Nf5 23. Rg1 Ne3 24. d6 Rd7 25. Rge1 Rxd6 26.
Nc4 Rde6 {White forfeits on time} 0-1

[Event "ICC tourney 2056 (3 2)"]
[Site "Internet Chess Club"]
[Date "2020.10.12"]
[Round "8"]
[White "pmchess98"]
[Black "lucachesschess"]
[Result "1-0"]
[ICCResult "Black checkmated"]
[WhiteElo "1405"]
[BlackElo "1475"]
[Opening "Caro-Kann: Panov-Botvinnik attack, 5...e6"]
[ECO "B14"]
[NIC "CK.03"]
[Time "20:56:49"]
[TimeControl "180+2"]

1. e4 d5 2. exd5 Nf6 3. c4 c6 4. d4 cxd5 5. Nc3 e6 6. Nf3 Nc6 7. Bg5 Be7 8.
cxd5 exd5 9. Bd3 Be6 10. O-O O-O 11. h3 h6 12. Bh4 Nd7 13. Bxe7 Qxe7 14. Re1
Qf6 15. Rc1 Rfe8 16. Ne5 Ncxe5 17. dxe5 Nxe5 18. Bb1 Bxh3 19. Rxe5 Rxe5 20.
gxh3 Rg5+ 21. Kf1 Qe6 22. Qd3 Re8 23. Qh7+ Kf8 24. Qh8+ Ke7 25. Qh7 Kf6 26.
Qd3 Re5 27. Qf3+ Rf5 28. Bxf5 Qxf5 29. Qxf5+ Kxf5 30. Nxd5 Ke5 31. Re1+ Kxd5
32. Rxe8 Kc6 33. Re7 Kd6 34. Rxf7 Ke6 35. Rxg7 Kf6 36. Rxb7 Kg6 37. Rxa7 h5
38. b4 h4 39. b5 Kf5 40. b6 Ke5 41. b7 Ke4 42. b8=Q Kf5 43. Qf8+ Ke6 44.
Re7+ Kd6 45. Qd8+ Kc6 46. Rc7+ Kb6 47. Qb8+ Ka6 48. Ra7# {Black checkmated}
1-0

[Event "ICC tourney 2056 (3 2)"]
[Site "Internet Chess Club"]
[Date "2020.10.12"]
[Round "8"]
[White "stephenwilly"]
[Black "danaglin"]
[Result "1-0"]
[ICCResult "Black forfeits on time"]
[WhiteElo "1517"]
[BlackElo "1236"]
[Opening "French defense, Steiner variation"]
[ECO "C00"]
[NIC "FR.01"]
[Time "20:56:52"]
[TimeControl "180+2"]

1. e4 e6 2. c4 d5 3. cxd5 exd5 4. exd5 Qxd5 5. Nc3 Qd8 6. d4 Nf6 7. Bc4 Bb4
8. Nf3 O-O 9. O-O Nc6 10. Bg5 h6 11. Bh4 Bg4 12. Nd5 g5 13. Nxf6+ Qxf6 14.
Bg3 Nxd4 15. Qxd4 Qxd4 16. Nxd4 c5 17. Nc2 Ba5 18. Ne3 Bd7 19. Nd5 Bc6 20.
Nf6+ Kg7 21. Be5 b5 22. Bd3 Rfd8 23. Bf5 Kf8 24. Rad1 Rxd1 25. Rxd1 Bd8 26.
Nd7+ Bxd7 27. Rxd7 Ba5 28. Bd6+ Kg8 29. Bxc5 Rc8 30. Be3 Re8 31. h3 a6 32.
a3 Rc8 33. Ra7 Rd8 34. Rxa6 Bd2 35. Bxd2 Rxd2 36. b4 Rd1+ 37. Kh2 Rd2 38.
Kg3 Kg7 39. Ra5 Rd5 40. Bg4 Rd3+ 41. Bf3 Kg6 42. Ra6+ Kg7 43. Kg4 Rd4+ 44.
Kf5 Rf4+ 45. Ke5 Rc4 46. Bd5 Rc2 47. Rf6 {Black forfeits on time} 1-0

[Event "ICC tourney 2056 (3 2)"]
[Site "Internet Chess Club"]
[Date "2020.10.12"]
[Round "8"]
[White "StevChess01"]
[Black "Alec-hine"]
[Result "0-1"]
[ICCResult "White forfeits on time"]
[WhiteElo "1380"]
[BlackElo "1684"]
[Opening "Neo-Grünfeld defense"]
[ECO "D70"]
[NIC "KI.80"]
[Time "20:56:50"]
[TimeControl "180+2"]

1. d4 Nf6 2. c4 g6 3. f3 d5 4. cxd5 Nxd5 5. e4 Nb6 6. Nc3 Bg7 7. Be3 O-O 8.
Qd2 Nc6 9. Rd1 Na5 10. b3 c5 11. dxc5 Qxd2+ 12. Bxd2 Nd7 13. Nd5 Nc6 14. b4
e6 15. Nc7 Rb8 16. Rb1 a6 17. Bf4 e5 18. Bd2 Rd8 19. Nd5 Nf8 20. Bc4 Be6 21.
Ne2 Nd4 22. Nxd4 exd4 23. Bf4 Ra8 24. O-O f5 25. Rfc1 fxe4 26. Bc7 Bxd5 27.
Bxd8 Rxd8 28. Bxd5+ Rxd5 29. c6 bxc6 30. Rxc6 e3 31. Kf1 d3 32. Rc8 h5 33.
Re8 e2+ 34. Ke1 Kf7 35. Re4 Bh6 {White forfeits on time} 0-1

[Event "ICC tourney 2056 (3 2)"]
[Site "Internet Chess Club"]
[Date "2020.10.12"]
[Round "8"]
[White "cjcardoso"]
[Black "wildrumpus"]
[Result "0-1"]
[ICCResult "White resigns"]
[WhiteElo "1434"]
[BlackElo "1376"]
[Opening "Caro-Kann: advance variation"]
[ECO "B12"]
[NIC "CK.04"]
[Time "20:56:50"]
[TimeControl "180+2"]

1. e4 c6 2. d4 d5 3. e5 Bf5 4. Nf3 e6 5. Be2 c5 6. c3 Nc6 7. Be3 Qb6 8. b3
Bg6 9. O-O h5 10. a4 cxd4 11. cxd4 Bb4 12. Bd3 Bxd3 13. Qxd3 Nge7 14. Nbd2
Nf5 15. Rfc1 O-O 16. Rc2 Bxd2 17. Rxd2 Nb4 18. Qe2 Nxe3 19. fxe3 Rac8 20.
Qb5 Qxb5 21. axb5 a6 22. bxa6 bxa6 23. Ra4 Rb8 24. Ne1 Rfc8 25. Nd3 Nxd3 26.
Rxd3 Rc1+ 27. Kf2 Rb1 28. Rxa6 R8xb3 29. Ra8+ Kh7 30. Rd2 R3b2 31. Ra2 Rxa2
32. Rxa2 Rb3 33. Kf3 g5 34. Ra7 Kg6 35. g3 f6 36. h3 fxe5 37. dxe5 d4 38.
Ra6 Rxe3+ 39. Kf2 Rxe5 40. Rd6 Rd5 41. Rxe6+ Kf5 42. Re2 d3 43. Rd2 g4 44.
h4 Ke4 45. Rd1 d2 46. Ke2 Rd3 47. Kf2 Rf3+ 48. Kg2 Ke3 49. Ra1 Ke2 50. Ra2
Ke1 51. Rxd2 Kxd2 52. Kh2 Ke2 53. Kg2 Rf2+ 54. Kg1 Kf3 55. Kh1 Kxg3 56. Kg1
Rh2 57. Kf1 Kxh4 58. Kg1 g3 59. Kf1 Kg4 {White resigns} 0-1

[Event "ICC tourney 2056 (3 2)"]
[Site "Internet Chess Club"]
[Date "2020.10.12"]
[Round "8"]
[White "liuchess"]
[Black "kushagra12"]
[Result "1-0"]
[ICCResult "Black resigns"]
[WhiteElo "1579"]
[BlackElo "1355"]
[Opening "Sicilian: Alapin's variation (2.c3)"]
[ECO "B22"]
[NIC "SI.46"]
[Time "20:57:21"]
[TimeControl "180+2"]

1. e4 c5 2. c3 e6 3. d4 d5 4. exd5 exd5 5. Nf3 Nc6 6. Be2 Be7 7. Be3 cxd4 8.
Nxd4 Nf6 9. Bb5 Bd7 10. Qa4 Nxd4 11. Bxd7+ Qxd7 12. Qxd4 O-O 13. O-O Rfc8
14. Nd2 Bc5 15. Qd3 Bxe3 16. Qxe3 Re8 17. Qg5 Ne4 18. Nxe4 dxe4 19. Rad1 Qe7
20. Qe3 h6 21. Rd4 Qe6 22. a3 Qb6 23. b4 Rac8 24. c4 a6 25. c5 Qe6 26. Re1
Rcd8 27. h3 Rxd4 28. Qxd4 Qe7 29. f3 e3 30. Re2 g5 31. g3 f5 32. Qd5+ Qf7
33. Qd3 f4 34. g4 Re7 35. Kg2 Rd7 36. Qe4 Rd2 37. Kf1 Rxe2 38. Kxe2 Qa2+ 39.
Kd3 Qxa3+ 40. Ke2 Qc3 41. Qg6+ Qg7 42. Qe8+ Kh7 43. Qe4+ Kg8 44. Qe8+ Qf8
45. Qg6+ Qg7 46. Qe8+ Kh7 47. Qe4+ Qg6 48. Qxb7+ Qg7 49. Qxg7+ Kxg7 50. c6
Kf7 51. c7 Ke8 52. c8=Q+ Ke7 53. Qxa6 Kd7 54. Qxh6 {Black resigns} 1-0

[Event "ICC tourney 2056 (3 2)"]
[Site "Internet Chess Club"]
[Date "2020.10.12"]
[Round "8"]
[White "pika0008"]
[Black "clydedrexler22"]
[Result "0-1"]
[ICCResult "White forfeits on time"]
[WhiteElo "1375"]
[BlackElo "1543"]
[Opening "Réti opening"]
[ECO "A11"]
[NIC "QP.09"]
[Time "20:56:48"]
[TimeControl "180+2"]

1. Nf3 d5 2. c4 c6 3. e3 Bf5 4. Nc3 e6 5. Qb3 Qb6 6. d4 Nd7 7. c5 Qc7 8. Be2
Ngf6 9. O-O Be7 10. Qd1 b6 11. cxb6 axb6 12. Bd2 O-O 13. Rc1 Qb7 14. a3 Rfc8
15. Re1 h6 16. Bf1 Ne4 17. Nxe4 Bxe4 18. Bc3 Bf6 19. Nd2 Bg6 20. e4 Re8 21.
e5 Be7 22. Nf3 c5 23. Bb5 Rec8 24. Bd3 Bxd3 25. Qxd3 cxd4 26. Bxd4 Nc5 27.
Qe3 Rab8 28. Nd2 Qa6 29. Nb3 Nd3 30. Rxc8+ Rxc8 31. Rd1 Nc5 32. h3 Qa4 33.
Bxc5 bxc5 34. Rc1 c4 35. Nd4 Rb8 36. Qc3 Qa6 37. Rc2 Qb6 38. Nf3 Bc5 39. Kf1
Qb5 40. Kg1 Rc8 41. Kf1 Bb6 42. Nd4 Qc5 43. Nf3 d4 44. Qd2 d3 45. Rc1 Ba5
46. b4 cxb3 47. Rxc5 Rxc5 48. Qxd3 b2 {White forfeits on time} 0-1

[Event "ICC tourney 2056 (3 2)"]
[Site "Internet Chess Club"]
[Date "2020.10.12"]
[Round "8"]
[White "shanmukha123"]
[Black "hackerguru"]
[Result "0-1"]
[ICCResult "White checkmated"]
[WhiteElo "1663"]
[BlackElo "1555"]
[Opening "Queen's pawn game"]
[ECO "A46"]
[NIC "QP.05"]
[Time "20:56:58"]
[TimeControl "180+2"]

1. d4 Nf6 2. Nf3 e6 3. Bf4 d5 4. e3 c5 5. c3 Nc6 6. Nbd2 Qb6 7. Rb1 Be7 8.
Bd3 cxd4 9. exd4 Nh5 10. Bg3 Nxg3 11. hxg3 h6 12. Qe2 Bf6 13. Nf1 Bd7 14.
Ne3 O-O-O 15. Ng4 Be7 16. a4 f6 17. b4 e5 18. a5 Qc7 19. b5 Nxa5 20. Nh4 e4
21. Bc2 Qxc3+ 22. Kf1 Qc4 23. Qxc4+ Nxc4 24. Ne3 Nd2+ 25. Ke2 Nxb1 26. Bxb1
Bxb5+ 27. Kd2 Bb4+ 28. Kc2 Kd7 29. Nxd5 Bd3+ 30. Kb2 Bxb1 31. Rxb1 Bd6 32.
Nf5 Ke6 33. Nfe3 b6 34. Kb3 f5 35. Nc3 g5 36. Ra1 a5 37. Ned5 Bb4 38. Nxb4
axb4 39. d5+ Ke5 40. Kxb4 Ra8 41. Rd1 Rhd8 42. Rh1 Rd6 43. Rd1 Rc8 44. Re1
Rd7 45. Rd1 Rc5 46. f3 e3 47. Rd3 f4 48. gxf4+ gxf4 49. Rd1 Rcxd5 50. Nxd5
Rxd5 51. Rh1 e2 52. Re1 Rd2 53. Kc3 Ra2 54. Kb3 Kd4 55. Kxa2 Ke3 56. g4 fxg3
57. Kb3 Kf2 58. f4 Kxe1 59. f5 g2 60. f6 g1=Q 61. f7 Qf2 62. f8=Q Qxf8 63.
Kc4 Kd1 64. Kb5 Qc5+ 65. Ka6 e1=Q 66. Kb7 Qee7+ 67. Ka6 Qa3+ 68. Kb5 Qec5#
{White checkmated}
0-1

[Event "ICC tourney 2056 (3 2)"]
[Site "Internet Chess Club"]
[Date "2020.10.12"]
[Round "8"]
[White "Knightboy123"]
[Black "NSXchessplayer"]
[Result "1/2-1/2"]
[ICCResult "Game drawn because neither player has mating material"]
[WhiteElo "1335"]
[BlackElo "1400"]
[Opening "Ruy Lopez: Cozio defense"]
[ECO "C60"]
[NIC "RL.04"]
[Time "20:56:55"]
[TimeControl "180+2"]

1. e4 e5 2. Nf3 Nc6 3. Bb5 Nge7 4. c3 g6 5. O-O Bg7 6. Re1 O-O 7. h3 d6 8.
d4 exd4 9. cxd4 d5 10. e5 a6 11. Ba4 Be6 12. Nc3 Bf5 13. Bc2 Bxc2 14. Qxc2
Qd7 15. Bg5 Rad8 16. Re2 f6 17. exf6 Bxf6 18. Bxf6 Rxf6 19. Ne5 Nxe5 20.
Rxe5 c6 21. Rae1 Rf7 22. Na4 Nf5 23. Nc5 Qc8 24. Qd3 Rdf8 25. Ne6 Re8 26.
Nc5 Rxe5 27. Rxe5 Re7 28. Rxe7 Nxe7 29. Qe3 Kf7 30. Kf1 b6 31. Qf4+ Kg8 32.
Nd3 Nf5 33. g4 Ne7 34. Ne5 Qe8 35. Qf6 b5 36. f4 Qf8 37. Qe6+ Kg7 38. Kg2
Qf6 39. Qxf6+ Kxf6 40. Nd7+ Kf7 41. Nc5 a5 42. Kf3 h6 43. h4 Kf6 44. g5+
hxg5 45. hxg5+ Kf7 46. Nb7 a4 47. Nc5 Nf5 48. b3 Nxd4+ 49. Kg4 axb3 50. axb3
Nf5 51. b4 d4 52. Kf3 Ke7 53. Ke4 Kd6 54. Nb7+ Kc7 55. Nc5 Kd6 56. Nb7+ Ke6
57. Nc5+ Ke7 58. Ke5 Ne3 59. Kxd4 Nc2+ 60. Kc3 Ne1 61. Kd4 Nc2+ 62. Kc3 Ne1
63. Kd4 Ng2 64. Ke4 Ne1 65. Kd4 Nc2+ 66. Kc3 Ne3 67. Kd4 Nd5 68. Nd3 Kd6 69.
Ke4 Nc3+ 70. Kd4 Nd5 71. Ke4 c5 72. Nxc5 Nxb4 73. Nb3 Nd5 74. f5 gxf5+ 75.
Kxf5 b4 76. g6 Ne7+ 77. Kf6 Nxg6 78. Kxg6 Kd5 79. Kf5 Kc4 80. Na5+ Kb5 81.
Nb3 Ka4 82. Nd2 Ka3 83. Ke4 Kb2 84. Kd3 Ka3 85. Kc4 Ka4 86. Nb3 Ka3 87. Nc5
b3 88. Nxb3 {Game drawn because neither player has mating material} 1/2-1/2